 Dungeon Crawl Stone Soup version 0.31-a0-1010-g5322dac (webtiles) character file.

Game seed: 15442853995496283141

1970 Geeful the Changeling (level 9, 0/91 HPs)
             Began as an Octopode Shapeshifter on Nov 15, 2023.
             Was a Follower of Wu Jian.
             Slain by an ufetubus (3 damage)
             ... on level 7 of the Dungeon on Nov 16, 2023.
             The game lasted 00:13:25 (6935 turns).

Geeful the Changeling (Octopode Shapeshifter)       Turns: 6935, Time: 00:13:26

Health: 0/91       AC: 24    Str: 15    XL:     9   Next: 20%
Magic:  9/9        EV:  2    Int: 13    God:    Wu Jian [*.....]
Gold:   77         SH:  0    Dex: 13    Spells: 8/8 levels left

rFire   . .          .
                       - Unarmed
rCold   . . .        (no shield)
rNeg    . . .        (helmet currently unavailable)
rPois   +            (no amulet)
rElec   .            j - ring of resist corrosion
rCorr   +            (no ring)
SInv    .            (no ring)
Will    .....        (no ring)
Stlth   +            (no ring)
HPRegen 0.35/turn    (no ring)
MPRegen 0.11/turn    (no ring)
                     (no ring)

%: no passive effects
@: tree-form, studying Axes
A: stationary, stasis, torment immunity, boosted hp, almost no armour,
(amphibious), 8 rings, (camouflage 1), (gelatinous body 1), (nimble swimmer 1),
(tentacles)
a: Renounce Religion


You were on level 7 of the Dungeon.
You worshipped Wu Jian.
Wu Jian was aware of your devotion.
You were a tree.
You visited 2 branches of the dungeon, and saw 8 of its levels.

You collected 267 gold pieces.
You spent 190 gold pieces at shops.

Inventory:

Missiles
 h - a throwing net
Jewellery
 j - a ring of resist corrosion (left branch)
Talismans
 b - a beast talisman
 c - a flux talisman (active)
Wands
 o - a wand of flame (16)
 v - a wand of light (1)
Scrolls
 d - a scroll of enchant armour {unknown}
 e - a scroll of noise {unknown}
 f - a scroll of acquirement {unknown}
 g - a scroll of teleportation {unknown}
 k - a scroll of fear {unknown}
 l - a scroll of amnesia {unknown}
 r - a scroll of vulnerability {unknown}
 x - a scroll of blinking {unknown}
 y - a scroll of immolation {unknown}
Potions
 n - a potion of curing
 p - a potion of degeneration {unknown}
 q - a potion of attraction {unknown}
 s - a potion of magic
 t - a potion of enlightenment
 u - a potion of might
 w - a potion of ambrosia {unknown}


   Skills:
 + Level 5.1 Fighting
 + Level 5.5 Dodging
 + Level 6.0 Unarmed Combat
 * Level 7.5 Shapeshifting


You had 8 spell levels left.
You didn't know any spells.
Your spell library contained the following spells:

 Spells                   Type           Power      Damage    Failure   Level
 Magic Dart               Conj           0%         1d3       30%         1
 Shock                    Conj/Air       0%         1d3       30%         1
 Searing Ray              Conj           0%         2d4       43%         2
 Call Canine Familiar     Summ           0%         N/A       67%         3
 Gell's Gravitas          Tloc           0%         N/A       67%         3
 Inner Flame              Hex/Fire       0%         N/A       67%         3
 Sigil of Binding         Hex            0%         N/A       67%         3
 Swiftness                Air            0%         N/A       67%         3
 Teleport Other           Tloc           0%         N/A       67%         3
 Tukima's Dance           Hex            0%         N/A       67%         3
 Airstrike                Air            0%         2d(0-16)  97%         4
 Brom's Barrelling Bould  Conj/Erth      0%         2d3       97%         4
 Dimensional Bullseye     Hex/Tloc       0%         N/A       97%         4
 Fulminant Prism          Conj/Hex       0%         3d5       97%         4
 Iskenderun's Mystic Bla  Conj/Tloc      0%         2d3       97%         4
 Leda's Liquefaction      Hex/Erth       0%         N/A       97%         4
 Fireball                 Conj/Fire      0%         3d3       100%        5
 Iskenderun's Battlesphe  Conj           0%         2d6       100%        5
 Yara's Violent Unravell  Hex/Tmut       0%         3d3       100%        5
 Conjure Ball Lightning   Conj/Air       0%         3x3d6     100%        6
 Dispersal                Tloc           0%         N/A       100%        6
 Enfeeble                 Hex            0%         N/A       100%        7
 Orb of Destruction       Conj           0%         9d5       100%        7


Dungeon Overview and Level Annotations

Branches:
Dungeon (7/15)             Temple (1/1) D:5

Altars:
Ashenzari
Cheibriados
Dithmenos
Elyvilon
Fedhas
Gozag
Hepliaklqana
Kikubaaqudgha
Nemelex Xobeh
Okawaru
Qazlal
Ru
Sif Muna
Trog
Uskayaw
Vehumet
Wu Jian
Xom
Yredelemnul
Zin
The Shining One

Shops:
D:1 [   D:5 *

Annotations:
D:5 exclusion: downstairs
D:6 exclusion: downstairs


Innate Abilities, Weirdness & Mutations

You are a tree.
Your roots penetrate the ground, keeping you stationary.
You cannot be teleported.
You are immune to unholy pain and torment.
Your maximum health is greatly increased.
You cannot wear most types of armour.
((You are amphibious.))
You can wear up to eight rings at the same time.
((Your skin changes colour to match your surroundings (Stealth+).))
((Your rubbery body absorbs attacks. (AC +1, EV +1)))
((You are camouflaged when in or above water. (Stealth+)))
((You have tentacles for arms and can constrict up to eight enemies at once.))


Message History

* * * LOW HITPOINT WARNING * * *
The orc wizard gestures at you while chanting.
The puff of flame hits you!
* * * LOW HITPOINT WARNING * * *
The ufetubus closely misses you.
The ufetubus hits you but does no damage.
You tentacle-slap the orc wizard.
The orc wizard shudders as magic cascades through it!!
You kill the orc wizard!
The Council accepts your kill.
The ufetubus closely misses you. x2; The orc hits you with a +0 flail.
* * * LOW HITPOINT WARNING * * *
The ufetubus slips past you! The ufetubus misses you. x2
You tentacle-slap the ufetubus but do no damage.
The ufetubus begins to glow.
You grab the ufetubus. You squeeze the ufetubus.
The ufetubus is lightly wounded.
You constrict the ufetubus. The orc hits you with a +0 flail.
* * * LOW HITPOINT WARNING * * *
The ufetubus closely misses you. x2
You tentacle-slap the ufetubus.
The ufetubus glows dangerously bright.
The ufetubus is heavily wounded.
You constrict the ufetubus, but do no damage.
The ufetubus closely misses you. The ufetubus misses you.
The orc barely misses you.
Your transformation has ended.
You turn into a tree.
Your roots penetrate the ground.
You lose your grip on the ufetubus.
The ufetubus slips past you! The ufetubus hits you.
* * * LOW HITPOINT WARNING * * *
The ufetubus hits you but does no damage. x3
The orc hits you but does no damage.
The ufetubus hits you but does no damage. x3
The ufetubus hits you.
* * * LOW HITPOINT WARNING * * *
You closely miss the orc.
The ufetubus hits you but does no damage. x2
The orc barely misses you.
The ufetubus hits you but does no damage.
The ufetubus hits you.
You die...

...# #. ..[# ###### ..
..... #.#.....##.. .....
#.......... ......
#.........##......
##..........)......
....#........!.5♣)......
.............).5#o......
.............!..##......
.........[..)...# #...#.
................# ##...
.............<[.# #.
................#
..........[>....#
o...........†..##


You could see 2 ufetubi and an orc.

Vanquished Creatures
  A black bear (D:6)
  2 ogres (D:6)
  A centaur (D:6)
  3 bullfrogs
  A scorpion (D:5)
  5 wights (D:6)
  3 killer bees
  7 hounds
  2 jellies (D:6)
  7 orc priests
  Ijyb (D:4)
  An iron imp (D:4)
  6 orc wizards
  An iguana (D:2)
  Terence (D:3)
  10 adders
  2 white imps (D:7)
  2 ufetubi (D:6)
  2 worms (D:4)
  2 dart slugs
  22 orcs
  10 ball pythons
  9 bats
  5 endoplasms
  5 giant cockroaches
  10 goblins
  9 hobgoblins
  4 quokkas
  2 frilled lizards
  18 kobolds
  3 rats
157 creatures vanquished.

Notes
Turn   | Place    | Note
-------+----------+-------------------------------------------
     0 | D:1      | Geeful the Octopode Shapeshifter began the quest for the
                  | Orb.
     0 | D:1      | Reached XP level 1. HP: 13/13 MP: 1/1
   175 | D:1      | Reached XP level 2. HP: 18/18 MP: 2/2
   244 | D:1      | Found Niudwak's Armour Shoppe.
   399 | D:1      | Reached XP level 3. HP: 14/23 MP: 3/3
  1078 | D:2      | Reached XP level 4. HP: 16/29 MP: 4/4
  1979 | D:3      | Found a broken altar of Ashenzari.
  1984 | D:3      | Found a hazy altar of Hepliaklqana.
  2037 | D:3      | Reached skill level 4 in Shapeshifting
  2037 | D:3      | Reached XP level 5. HP: 30/34 MP: 5/5
  2114 | D:3      | Noticed Terence
  2123 | D:3      | Killed Terence
  2644 | D:3      | Upgraded the game from 0.31-a0-1009-g454b1f1 to
                  | 0.31-a0-1010-g5322dac
  2683 | D:4      | Reached XP level 6. HP: 33/41 MP: 6/6
  2743 | D:4      | Found a snail-covered altar of Cheibriados.
  2841 | D:4      | Noticed Ijyb
  2847 | D:4      | Killed Ijyb
  3752 | D:5      | Entered Level 5 of the Dungeon
  3791 | D:5      | Reached skill level 5 in Shapeshifting
  3791 | D:5      | Reached XP level 7. HP: 37/46 MP: 7/7
  3928 | D:5      | Found a stormy altar of Qazlal.
  4024 | D:5      | Found a sparkling altar of Nemelex Xobeh.
  4372 | D:5      | Found a staircase to the Ecumenical Temple.
  4378 | Temple   | Entered the Ecumenical Temple
  4441 | Temple   | Became a worshipper of the Wu Jian Council
  4595 | D:5      | Found Sisynt's Assorted Antiques.
  4602 | D:5      | Bought a green potion for 29 gold pieces
  4602 | D:5      | Bought a brown potion for 29 gold pieces
  4704 | D:5      | Bought a forked ivory wand for 132 gold pieces
  5050 | D:6      | Reached XP level 8. HP: 53/54 MP: 8/8
  5240 | D:6      | Reached skill level 5 in Unarmed Combat
  5240 | D:6      | Reached skill level 6 in Shapeshifting
  5667 | D:6      | Identified the +7 whip of Conscience {heavy, Int+3}
  5884 | D:6      | Reached * piety under Wu Jian
  5887 | D:6      | Reached skill level 5 in Dodging
  6133 | D:6      | Reached skill level 7 in Shapeshifting
  6140 | D:6      | Reached XP level 9. HP: 60/60 MP: 9/9
  6590 | D:7      | Identified the "Doymmas"
  6607 | D:6      | Reached skill level 5 in Fighting
  6929 | D:7      | HP: 2/61 [ufetubus (4)]
  6934 | D:7      | HP: 3/91 [ufetubus (2)]
  6935 | D:7      | Slain by an ufetubus

Illustrated notes

Levels and vault maps discovered:
D:1:      wander_arrival_fairy_ring, layout_loops_cross, serial_shops,
          nicolae_shop_tiny_glass, bh_walls_and_bars
D:2:      layout_loops_corners, grunt_decor_fettered
D:3:      layout_basic, grunt_temple_overflow_open,
          amcnicky_mini_rare_corridor_liquid, dreamdust_mushroom_princess,
          uniq_terence
D:4:      cheibrodos_thug_alley, layout_basic, slow_altar_1, uniq_ijyb
D:5:      layout_loops_ring, old_standard_altar,
          mainiacjoe_overflow_concentric_impassable,
          minmay_temple_entry_enclosed_plants, serial_shops, shop,
          serial_library_hellmonk_angled_corner
D:6:      layout_basic
D:7:      layout_rooms, nzn_ghost_randoct, kennysheep_generic_room_11
Temple:   kb_temple_of_zot

Skill      XL: |  1  2  3  4  5  6  7  8  9 |
---------------+----------------------------+-----
Fighting       | 2 3 4 5 |  5.1
Shapeshifting  | 4 5 7 |  7.5
Dodging        | 3 4 5 |  5.5
Unarmed Combat | 4 5 6 |  6.0

Action                     |  1- 3 |  4- 6 |  7- 9 || total
---------------------------+-------+-------+-------++-------
  Melee: Unarmed           |    58 |   112 |   166 ||   336
         Constrict         |    13 |    35 |    44 ||    92
         Tentacles         |    11 |    23 |    45 ||    79
         Punch             |       |     3 |     2 ||     5
Ability: Lunge             |       |       |    12 ||    12
         Begin Untransform |       |       |     1 ||     1
    Use: Potion            |       |       |     4 ||     4
         Scroll            |       |       |     3 ||     3
   Stab: Sleeping          |     5 |    11 |     7 ||    23
         Distracted        |       |       |     1 ||     1
 Armour: Skin              |    19 |    47 |   103 ||   169
  Dodge: Dodged            |    28 |    51 |   118 ||   197
   Form: Flux              |       |       |     1 ||     1

Table legend: (Time is in decaauts)
 A = Elapsed time spent in this place.
 B = Non-inter-level travel time spent in this place.
 C = Inter-level travel time spent in this place.
 D = Time resting spent in this place.
 E = Time spent auto-exploring this place.
 F = Levels seen in this place.
 G = Mean time per level.
                   A        B        C        D        E       F      G
               +--------+--------+--------+--------+--------+-----+--------+
         Total |   6908 |   6584 |    324 |    480 |   5035 |   8 |  863.5 |
       Dungeon |   6814 |   6521 |    293 |    480 |   5035 |   7 |  973.4 |
        Temple |     94 |     63 |     31 |      0 |      0 |   1 |   94.0 |
               +--------+--------+--------+--------+--------+-----+--------+

Top non-repeatable levels by time:
     D:6: 1576 daAuts
     D:5: 1367 daAuts
     D:4: 1073 daAuts
     D:3: 907 daAuts
     D:2: 879 daAuts
     D:1: 879 daAuts
     D:7: 130 daAuts
  Temple: 94 daAuts
